 Dungeon Crawl Stone Soup version 0.29-a0-512-gf59ac788ac (webtiles) character file.

Game seed: 14579716075991396982

13671 Sobieck the Unseen (level 11, -4/67 HPs)
             Began as a Vampire Earth Elementalist on May 29, 2022.
             Was a Priest of Ashenzari.
             Slain by a red devil
             ... wielding a +0 spear
              (12 damage)
             ... on level 11 of the Dungeon.
             The game lasted 00:59:09 (13312 turns).

Sobieck the Unseen (Vampire Earth Elementalist)    Turns: 13312, Time: 00:59:10

Health: -4/67      AC: 10    Str:  7    XL:     11   Next: 78%
Magic:  12/21      EV: 17    Int: 26    God:    Ashenzari [***...]
Gold:   676        SH:  6    Dex: 17    Spells: 17/24 levels left

rFire   . . .      SeeInvis +   a - +4 short sword (speed) {short}
rCold   + + .      Faith    .   I - +0 buckler of Star-Bound Wisdom {Elem, Fort} (curse)
rNeg    + + +      Spirit   .   S - +0 steam dragon scales
rPois   ∞          Reflect  .   (no helmet)
rElec   .          Harm     .   (no cloak)
rCorr   .          Rampage  .   F - +1 pair of gloves of Ashenzari's Malaise {Alch, Elem} (curse)
Will    +....      Clarity  +   B - +2 pair of boots "Ensconced Together" {Evo, Self} (curse)
Stlth   ++++++++..              r - amulet of Ashenzari's Blue Moon {Acrobat, Elem, Range} (curse)
HPRegen 0.00/turn               C - +6 ring of intelligence
MPRegen 0.17/turn               o - ring of Supernal Wisdom {EV+4, Comp, Self} (curse)

@: spiked, bloodless, inhibited regen
A: bloodless, fangs 3, see invisible, vampiric 2
a: Bat Form, Revivify, Renounce Religion, Curse Item, Shatter the Chains


You were on level 11 of the Dungeon.
You worshipped Ashenzari.
Ashenzari was most pleased with you.
You visited 2 branches of the dungeon, and saw 13 of its levels.

You collected 708 gold pieces.
You spent 32 gold pieces at shops.


Innate Abilities, Weirdness & Mutations

You do not regenerate when monsters are visible.
You are frail without blood (-20% HP).
You can heal yourself when you bite living creatures.
You are immune to poison.
You have razor-sharp teeth.
You have supernaturally acute eyesight. (SInv)
You are afflicted with vampirism and can become a bat while bloodless.


   Skills:
 - Level 4.7(7.0) Fighting
 - Level 12.0 Short Blades
 - Level 3.0 Dodging
 - Level 15.0 Stealth
 - Level 3.7(5.2) Shields
 - Level 4.7(7.1) Spellcasting
 + Level 7.4(9.0) Transmutations
 + Level 6.8(10.0) Earth Magic


You had 17 spell levels left.
You knew the following spells:

 Your Spells              Type           Power      Damage    Failure   Level
a - Sandblast             Erth           100%       2d20      1%          1
b - Passwall              Tmut/Erth      46%        N/A       1%          2
c - Petrify               Tmut/Erth      56%        N/A       1%          4

Your spell library contained the following spells:

 Spells                   Type           Power      Damage    Failure   Level
 Stone Arrow              Conj/Erth      70%        3d11      3%          3
 Foxfire                  Conj/Fire      40%        2x1d6     7%          1
 Shock                    Conj/Air       40%        1d5       7%          1
 Sublimation of Blood     Necr           10%        N/A       11%         2
 Swiftness                Air            11%        N/A       21%         3
 Conjure Flame            Conj/Fire      10%        6-21      22%         3
 Inner Flame              Hex/Fire       10%        N/A       22%         3
 Tukima's Dance           Hex            9%         N/A       24%         3
 Irradiate                Conj/Tmut      16%        3d18      34%         5
 Yara's Violent Unravell  Hex/Tmut       16%        3d8       34%         5
 Airstrike                Air            5%         N/A       54%         4
 Flame Wave               Conj/Fire      10%        2d5       56%         4
 Anguish                  Hex/Necr       4%         N/A       58%         4
 Passage of Golubria      Tloc           9%         N/A       61%         4
 Iron Shot                Conj/Erth      17%        9d4       83%         6
 Iskenderun's Battlesphe  Conj           9%         2d6       91%         5
 Enfeeble                 Hex            4%         N/A       100%        7
 Spellforged Servitor     Conj/Summ      4%         N/A       100%        7

Inventory:

Hand Weapons
 a - a +4 short sword of speed (weapon) {short}
   (You took it off an orc on level 6 of the Dungeon)
 m - a +0 flail of venom {mace}
   (You found it on level 2 of the Dungeon)
 v - a +0 hunting sling {sling}
   (You found it on level 5 of the Dungeon)
 E - a +0 rapier {short}
   (You found it on level 8 of the Dungeon)
 H - a +2 flail of protection {mace}
   (You took it off an orc on level 4 of the Dungeon)
Missiles
 l - 5 boomerangs {throwing}
 y - 29 poisoned darts {throwing}
 M - a boomerang of dispersal {=f!fthrowing}
 P - a curare-tipped dart {=fthrowing}
 Y - 356 stones {throwing}
Armour
 p - +0 fire dragon scales
   (You found it on level 11 of the Dungeon)
 B - the cursed +2 pair of boots "Ensconced Together" (worn) {Evo, Self}
   (You found it on level 3 of the Dungeon)

   It has a curse which improves the following skills: Evocations: Evocations.
   Introspection: Fighting and Spellcasting.
 F - the cursed +1 pair of gloves of Ashenzari's Malaise (worn) {Alch, Elem}
   (You found it on level 8 of the Dungeon)

   It has a curse which improves the following skills: Alchemy: Poison Magic and
   Transmutations.
   Elements:  Fire Magic, Ice Magic, Air Magic and Earth Magic.
 I - the cursed +0 buckler of Star-Bound Wisdom (worn) {Elem, Fort}
   (You found it on level 9 of the Dungeon)

   It has a curse which improves the following skills: Elements: Fire Magic, Ice
   Magic, Air Magic and Earth Magic.
   Fortitude: Armour and Shields.
 S - +0 steam dragon scales (worn)
   (You found it on level 7 of the Dungeon)
 U - a +0 robe
   (You took it off an orc wizard on level 6 of the Dungeon)
 V - a +0 plate armour
   (You took it off an orc warrior on level 7 of the Dungeon)
 W - a +0 ring mail
   (You took it off an orc on level 7 of the Dungeon)
 X - a +0 leather armour
   (You took it off an orc on level 6 of the Dungeon)
 Z - a +0 leather armour
   (You took it off an orc on level 6 of the Dungeon)
Jewellery
 o - the cursed ring of Supernal Wisdom (right hand) {EV+4, Comp, Self}
   (You found it on level 7 of the Dungeon)

   [ring of evasion]

   EV:        It affects your evasion (+4).
   It has a curse which improves the following skills: Companions: Summonings
   and Necromancy.
   Introspection: Fighting and Spellcasting.
 r - the cursed amulet of Ashenzari's Blue Moon (around neck) {Acrobat, Elem, Range}
   (You found it on level 8 of the Dungeon)

   [amulet of the acrobat]

   It increases your evasion while moving and waiting.
   It has a curse which improves the following skills: Elements: Fire Magic, Ice
   Magic, Air Magic and Earth Magic.
   Ranged Combat: Slings, Bows, Crossbows and Throwing.
 C - a +6 ring of intelligence (left hand)
   (You found it on level 4 of the Dungeon)
 L - a ring of see invisible
   (You found it on level 10 of the Dungeon)
Wands
 d - a wand of digging (5)
   (You found it on level 10 of the Dungeon)
 u - a wand of paralysis (1)
   (You found it on level 3 of the Dungeon)
 K - a wand of iceblast (2)
   (You found it on level 9 of the Dungeon)
 R - a wand of charming (2)
   (You found it on level 11 of the Dungeon)
Scrolls
 f - 2 scrolls of fear
 i - 2 scrolls of teleportation {@r4}
 w - 3 scrolls of immolation {!r!r}
 z - a scroll of acquirement
 D - 2 scrolls of poison {!r}
 G - 3 scrolls of fog
 J - 2 scrolls of noise {!r}
 N - 2 scrolls of vulnerability {!r!r}
 O - a scroll of torment
 Q - 2 scrolls of blinking {!r}
Potions
 b - a potion of attraction {!q}
 c - 2 potions of magic
 e - 2 potions of lignification {!q}
 g - 6 potions of haste {@q3}
 h - 2 potions of invisibility
 j - 7 potions of heal wounds {@q2}
 k - 10 potions of curing {@q1}
 n - 2 potions of resistance
 q - 3 potions of mutation {!q}
 s - 2 potions of cancellation
 t - 2 potions of berserk rage {!q}
 x - 3 potions of flight
 A - a potion of ambrosia
 T - 2 potions of might

Dungeon Overview and Level Annotations

Branches:
Dungeon (12/15)            Temple (1/1) D:6            Lair (0/6) D:10
    Orc (0/2) D:10

Altars:
Ashenzari
Cheibriados
Dithmenos
Elyvilon
Fedhas
Gozag
Hepliaklqana
Kikubaaqudgha
Makhleb
Nemelex Xobeh
Okawaru
Qazlal
Ru
Sif Muna
Trog
Uskayaw
Vehumet
Wu Jian
Xom
Yredelemnul
Zin
The Shining One
Beogh

Shops:
D:8 *   D:11 [(

Annotations:
D:3 exclusion: gnoll
D:6 exclusions: centaur and 2 more exclusions

######## #.....# ####.##
#.# ######### #.#
##.......# #.#
#...###..# #.#
#..#...#.# #####
#.###..#.∩.#.#
#...#######......#...#.#
#......@)4(.......###..#
#...#####>.....#.......#
#####.##
##...####.#....# #.....#
##.## #...###. #.#####
#.# ###.# #. #.# #.#
#.###. #.# ##+## ##...#
#.###########...## ##.##
#.##......##.....## #.#


You could see a red devil.


Message History

The barbs in your skin will harm you if you move.
Continue?
Okay, then.
The barbs in your skin will harm you if you move.
Continue?
Okay, then.
The barbs in your skin will harm you if you move.
Continue?
The barbed spikes dig painfully into your body as you move.
The orc completely misses you. The red devil completely misses you.
The barbed spikes dig painfully into your body as you move.
An orc comes into view. It is wielding a +0 hand axe.
The red devil completely misses you.
There is a stone staircase leading up here.
The orc barely misses you. You block the red devil's attack.
You block the orc warrior's attack.
The barbed spikes dig painfully into your body as you move.
You climb upwards.
You are no longer corroded.
There is a stone staircase leading down here.
Unknown command.
The red devil attacks as you move away! The red devil hits you with a +0 spear.
Barbed spikes become lodged in your body.
The barbed spikes dig painfully into your body as you move.
The red devil completely misses you.
Casting: Petrify (dangerous; 1% risk of failure)
Confirm with . or Enter, or press ? or * to list all spells.
Aiming: Sandblast (safe; 1% risk of failure)
Press: ? - help, Shift-Dir - straight line, f - orc
Aim: an orc, wielding a +0 dagger and wearing a +0 ring mail (moderately wounded, 86% to hit)
Okay, then.
The barbed spikes dig painfully into your body as you move.
* * * LOW HITPOINT WARNING * * *
Casting: Sandblast (safe; 1% risk of failure)
Confirm with . or Enter, or press ? or * to list all spells.
Aiming: Sandblast (safe; 1% risk of failure)
Press: ? - help, Shift-Dir - straight line, f - red devil
Aim: a red devil, wielding a +0 spear and wearing a +0 ring mail (80% to hit)
The blast of sand hits the orc but does no damage.
The orc misses you. The red devil completely misses you.
Unknown command.
Casting: Sandblast (safe; 1% risk of failure)
Confirm with . or Enter, or press ? or * to list all spells.
Aiming: Sandblast (safe; 1% risk of failure)
Press: ? - help, Shift-Dir - straight line, f/p - red devil
Aim: a red devil, wielding a +0 spear and wearing a +0 ring mail (80% to hit)
The blast of sand hits the orc!!
You kill the orc!
The red devil hits you from afar with a +0 spear!
* * * LOW HITPOINT WARNING * * *
Barbed spikes become lodged in your body.
Casting: Sandblast (safe; 1% risk of failure)
Confirm with . or Enter, or press ? or * to list all spells.
Aiming: Sandblast (safe; 1% risk of failure)
Press: ? - help, Shift-Dir - straight line, f/p - red devil
Aim: a red devil, wielding a +0 spear and wearing a +0 ring mail (80% to hit)
The blast of sand hits the red devil!
You block the red devil's attack.
Casting: Sandblast (safe; 1% risk of failure)
Confirm with . or Enter, or press ? or * to list all spells.
Aiming: Sandblast (safe; 1% risk of failure)
Press: ? - help, Shift-Dir - straight line, f/p - red devil
Aim: a red devil, wielding a +0 spear and wearing a +0 ring mail (heavily wounded, 80% to hit)
The blast of sand misses the red devil.
The red devil hits you from afar with a +0 spear.
* * * LOW HITPOINT WARNING * * *
Barbed spikes become lodged in your body.
Casting: Sandblast (safe; 1% risk of failure)
Confirm with . or Enter, or press ? or * to list all spells.
Aiming: Sandblast (safe; 1% risk of failure)
Press: ? - help, Shift-Dir - straight line, f/p - red devil
Aim: a red devil, wielding a +0 spear and wearing a +0 ring mail (heavily wounded, 80% to hit)
The blast of sand hits the red devil!
The red devil hits you but does no damage.
Casting: Sandblast (safe; 1% risk of failure)
Confirm with . or Enter, or press ? or * to list all spells.
Aiming: Sandblast (safe; 1% risk of failure)
Press: ? - help, Shift-Dir - straight line, f/p - red devil
Aim: a red devil, wielding a +0 spear and wearing a +0 ring mail (almost dead, 80% to hit)
The blast of sand misses the red devil.
The red devil closely misses you.
Casting: Sandblast (safe; 1% risk of failure)
Confirm with . or Enter, or press ? or * to list all spells.
Aiming: Sandblast (safe; 1% risk of failure)
Press: ? - help, Shift-Dir - straight line, f/p - red devil
Aim: a red devil, wielding a +0 spear and wearing a +0 ring mail (almost dead, 80% to hit)
The blast of sand misses the red devil.
The red devil hits you from afar with a +0 spear!
* * * LOW HITPOINT WARNING * * *
Barbed spikes become lodged in your body.
Casting: Sandblast (safe; 1% risk of failure)
Confirm with . or Enter, or press ? or * to list all spells.
Aiming: Sandblast (safe; 1% risk of failure)
Press: ? - help, Shift-Dir - straight line, f/p - red devil
Aim: a red devil, wielding a +0 spear and wearing a +0 ring mail (almost dead, 80% to hit)
The blast of sand hits the red devil but does no damage.
The red devil misses you.
Casting: Sandblast (safe; 1% risk of failure)
Confirm with . or Enter, or press ? or * to list all spells.
Aiming: Sandblast (safe; 1% risk of failure)
Press: ? - help, Shift-Dir - straight line, f/p - red devil
Aim: a red devil, wielding a +0 spear and wearing a +0 ring mail (almost dead, 80% to hit)
The blast of sand hits the red devil but does no damage.
The red devil hits you from afar with a +0 spear!
You die...

Skill      XL: |  1  2  3  4  5  6  7  8  9 10 11 |
---------------+----------------------------------+-----
Short Blades   | 1 2 4 5 8 10 12 | 12.0
Earth Magic    | 4 5 6 |  6.8
Stealth        | 4 5 6 10 14 15 | 15.0
Transmutations | 2 4 7 |  7.4
Shields        | 3 |  3.7
Fighting       | 4 |  4.7
Dodging        | 3 |  3.0
Spellcasting   | 4 |  4.7

Action                   |  1- 3 |  4- 6 |  7- 9 | 10-12 || total
-------------------------+-------+-------+-------+-------++-------
Melee: Unarmed           |    29 |       |       |       ||    29
       Bite              |     4 |     1 |    22 |    24 ||    51
       Dagger            |    18 |    44 |    15 |       ||    77
       Short sword       |       |       |   140 |   223 ||   363
       Punch             |       |       |     1 |       ||     1
 Cast: Sandblast         |     9 |    34 |    93 |    11 ||   147
       Passwall          |     9 |    25 |    20 |     6 ||    60
       Petrify           |       |       |    10 |    22 ||    32
Invok: Curse Item        |       |       |     2 |     3 ||     5
 Abil: Exsanguinate      |     1 |       |       |       ||     1
  Use: Scroll            |       |    12 |    10 |     3 ||    25
 Stab: Sleeping          |    19 |    40 |    38 |    26 ||   123
       Petrified         |       |       |     5 |     4 ||     9
       Petrifying        |       |       |     1 |     8 ||     9
       Distracted        |       |       |     1 |       ||     1
Armor: Robe              |     1 |    13 |    18 |       ||    32
       Steam dragon scal |       |       |     9 |    27 ||    36
Dodge: Dodged            |    23 |    16 |   104 |   118 ||   261
Block: Buckler           |       |       |    13 |    38 ||    51

Levels and vault maps discovered:
D:1:      grunt_arrival_lava_bath, layout_loops_cross
D:2:      layout_basic, palyth_stone_intersect
D:3:      layout_loops_ring, ebering_ecumenical_altar_abandoned,
          kennysheep_potato
D:4:      layout_loops_ring
D:5:      layout_basic, bloody_makhleb, serial_co_window_serial,
          co_window_cross_1, co_window_of_opportunity_a,
          co_window_of_opportunity_a, co_window_paths_b, co_window_corner_a,
          co_window_paths_a, co_window_corner_a, co_window_unsneaky_path_b,
          co_window_2corner, co_window_paths_c, co_window_2corner,
          co_window_cross_2, co_window_2corner, co_window_broadway_a,
          glass_columns_a, glass_columns_c, nicolae_ossuary_entry_catacombs
D:6:      layout_cave_pools, minmay_temple_entry_statues_pillars, centaur_isle
D:7:      layout_basic, lemuel_coloured_pillars_altar, lemuel_tele_altar,
          chei_slow_surprise
D:8:      layout_basic, serial_shops, shop_fountains, minivault_10
D:9:      layout_rooms, mainiacjoe_overflow_divided_tiny,
          david_defended_altar_orc, uniq_prince_ribbit1
D:10:     layout_long_grid, david_lair_generic, chequers_serial_rivers_room_a
D:11:     minmay_blocky_corners, layout_loops_corners, serial_shops,
          nicolae_shop_hallway_plus, nicolae_barding_shop
D:12:     kennysheep_treasure_stockpile, layout_small_grid,
          muffindrake_ghost_dual_entry, minmay_misc_feat_columns,
          nicolae_concentric_dashed_squares_mild,
          einodemon_armed_red_devil_minivault
Temple:   nicolae_temple_elliptical

Notes
Turn   | Place    | Note
-------+----------+-------------------------------------------
     0 | D:1      | Sobieck the Vampire Earth Elementalist began the quest for
                  | the Orb.
     0 | D:1      | Reached XP level 1. HP: 13/13 MP: 3/3
   445 | D:1      | Reached XP level 2. HP: 12/15 MP: 5/5
   742 | D:1      | Learned a level 2 spell: Passwall
  1178 | D:2      | Gained mutation: You are afflicted with vampirism and can
                  | become a bat while bloodless. [Vampire growth]
  1178 | D:2      | Reached XP level 3. HP: 19/19 MP: 3/6
  1233 | D:2      | Reached skill level 1 in Short Blades
  1233 | D:2      | Reached skill level 4 in Earth Magic
  1280 | D:2      | Reached skill level 4 in Stealth
  1280 | D:2      | Reached XP level 4. HP: 24/24 MP: 3/7
  1337 | D:2      | Reached skill level 2 in Short Blades
  1539 | D:2      | You pick up a book of Maledictions and begin reading...
  1539 | D:2      | You add the spells Anguish and Enfeeble to your library.
  2100 | D:3      | Found a faded altar of an unknown god.
  2322 | D:3      | You pick up a book of Flames and begin reading...
  2322 | D:3      | You add the spells Foxfire, Conjure Flame, Inner Flame and
                  | Flame Wave to your library.
  2776 | D:3      | Reached XP level 5. HP: 28/28 MP: 8/8
  2839 | D:3      | You fall into a shaft and drop 1 floor!
  2875 | D:4      | Noticed a phantom
  2885 | D:4      | Killed a phantom
  2886 | D:4      | Reached skill level 3 in Short Blades
  2886 | D:4      | Reached skill level 5 in Stealth
  2968 | D:4      | You pick up a book of Alchemy and begin reading...
  2968 | D:4      | You add the spells Sublimation of Blood and Irradiate to
                  | your library.
  3300 | D:4      | Reached skill level 4 in Short Blades
  3300 | D:4      | Reached XP level 6. HP: 32/32 MP: 6/9
  3817 | D:5      | Entered Level 5 of the Dungeon
  4040 | D:5      | Learned a level 4 spell: Petrify
  4049 | D:5      | Reached skill level 5 in Earth Magic
  4105 | D:5      | Reached skill level 6 in Stealth
  4105 | D:5      | Reached skill level 2 in Transmutations
  4129 | D:5      | Noticed a water moccasin
  4141 | D:5      | Killed a water moccasin
  4142 | D:5      | Reached XP level 7. HP: 30/36 MP: 3/10
  4144 | D:5      | Reached skill level 5 in Short Blades
  4665 | D:5      | Reached skill level 3 in Transmutations
  4848 | D:5      | Reached skill level 4 in Transmutations
  5291 | D:5      | Reached XP level 8. HP: 39/41 MP: 8/11
  5304 | D:4      | Reached skill level 5 in Transmutations
  5496 | D:4      | Reached skill level 6 in Short Blades
  5496 | D:4      | Reached skill level 6 in Earth Magic
  5579 | D:5      | Found a burning altar of Makhleb.
  5761 | D:6      | Found a staircase to the Ecumenical Temple.
  5768 | D:6      | Reached skill level 6 in Transmutations
  5780 | Temple   | Entered the Ecumenical Temple
  5959 | Temple   | Became a worshipper of Ashenzari the Shackled
  6243 | D:6      | Reached skill level 7 in Short Blades
  6320 | D:6      | Upgraded the game from 0.29-a0-506-ga2e7fffb44 to
                  | 0.29-a0-512-gf59ac788ac
  6442 | D:6      | Identified the +1 chain mail of the Cartwright {rElec Str+3
                  | Dex-3}
  6690 | D:7      | You pick up a book of Power and begin reading...
  6690 | D:7      | You add the spells Iskenderun's Battlesphere, Iron Shot and
                  | Spellforged Servitor to your library.
  6969 | D:7      | Identified the amulet of Hepliaklqana's Pride {Spirit
                  | +Blink MP+9 Str+2}
  7047 | D:7      | Found a snail-covered altar of Cheibriados.
  7054 | D:7      | Reached skill level 7 in Transmutations
  7288 | D:7      | Found a blossoming altar of Fedhas.
  7301 | D:7      | Reached skill level 8 in Short Blades
  7505 | D:7      | Reached XP level 9. HP: 45/45 MP: 9/12
  7631 | D:8      | Found Xoal's Assorted Antiques.
  7711 | D:8      | Bought a scroll labelled SUAPTO USOM for 32 gold pieces
  7737 | D:8      | You pick up a book of Air and begin reading...
  7737 | D:8      | You add the spells Shock, Swiftness and Airstrike to your
                  | library.
  8016 | D:8      | Reached skill level 7 in Stealth
  8203 | D:8      | Reached * piety under Ashenzari
  8572 | D:9      | Noticed a troll
  8587 | D:9      | Killed a troll
  8588 | D:9      | Reached skill level 9 in Short Blades
  8588 | D:9      | Reached skill level 8 in Stealth
  8790 | D:9      | Reached skill level 1 in Shields
  8818 | D:9      | Noticed Prince Ribbit
  8822 | D:9      | Reached skill level 9 in Stealth
  8874 | D:9      | Killed Prince Ribbit
  8875 | D:9      | Reached skill level 2 in Shields
  9450 | D:8      | Reached skill level 10 in Stealth
  9680 | D:9      | Reached skill level 3 in Shields
  9740 | D:9      | Found a sparkling altar of Nemelex Xobeh.
  9741 | D:9      | Found a hide-covered altar of Uskayaw.
  9818 | D:10     | Entered Level 10 of the Dungeon
  9838 | D:10     | Found a staircase to the Orcish Mines.
  9839 | D:10     | Noticed a two-headed ogre
  9849 | D:10     | Killed a two-headed ogre
  9850 | D:10     | Reached skill level 10 in Short Blades
  9850 | D:10     | Reached XP level 10. HP: 52/52 MP: 6/14
 10049 | D:9      | Reached ** piety under Ashenzari
 10121 | D:8      | Reached skill level 11 in Stealth
 10394 | D:10     | Noticed a gargoyle
 10423 | D:10     | Killed a gargoyle
 10424 | D:10     | Reached skill level 12 in Stealth
 10667 | D:10     | Identified a scroll of acquirement
 10753 | D:10     | Noticed an orange demon
 10764 | D:10     | Reached skill level 11 in Short Blades
 11298 | D:10     | Found a staircase to the Lair.
 11300 | D:10     | Noticed a death yak
 11308 | D:10     | Reached skill level 13 in Stealth
 11309 | D:10     | Killed a death yak
 11677 | D:11     | Noticed a two-headed ogre
 11684 | D:11     | Killed a two-headed ogre
 11685 | D:11     | Reached skill level 12 in Short Blades
 11685 | D:11     | Reached skill level 14 in Stealth
 11685 | D:11     | Reached XP level 11. HP: 57/57 MP: 16/16
 11714 | D:11     | Noticed a brown ugly thing
 11717 | D:11     | Killed a brown ugly thing
 11718 | D:11     | Found Utui's Specialty Armours.
 11769 | D:11     | Reached *** piety under Ashenzari
 11813 | D:11     | Reached skill level 15 in Stealth
 11937 | D:11     | Reached skill level 1 in Fighting
 12239 | D:11     | Noticed a tengu warrior
 12241 | D:11     | Noticed a centaur warrior
 12242 | D:11     | Killed a tengu warrior
 12243 | D:11     | Reached skill level 2 in Fighting
 12243 | D:11     | Reached skill level 3 in Dodging
 12243 | D:11     | Reached skill level 3 in Spellcasting
 12245 | D:11     | Killed a centaur warrior
 12273 | D:11     | Reached skill level 3 in Fighting
 12326 | D:11     | Noticed a fire dragon
 12328 | D:11     | Killed a fire dragon
 12329 | D:11     | Identified the +3 fustibalus of Hoinuhul {freeze, rPois rF-
                  | Int+7 Stlth+}
 12374 | D:11     | Found Ulicamy's Antique Weapon Shop.
 12402 | D:11     | Noticed a boulder beetle
 12431 | D:11     | HP: 15/64 [boulder beetle (15)]
 12792 | D:11     | Killed a boulder beetle
 12793 | D:11     | Reached skill level 4 in Fighting
 12793 | D:11     | Reached skill level 4 in Spellcasting
 13049 | D:11     | You add the spells Tukima's Dance, Passage of Golubria and
                  | Yara's Violent Unravelling to your library.
 13086 | D:12     | Noticed a two-headed ogre
 13310 | D:11     | HP: 8/67 [red devil/+0 spear (14)]
 13312 | D:11     | Slain by a red devil

Vanquished Creatures
  A fire dragon (D:11)
  A boulder beetle (D:11)
  A centaur warrior (D:11)
  2 two-headed ogres
  A tengu warrior (D:11)
  A death yak (D:10)
  A cyclops (D:11)
  An ugly thing (D:11)
  A gargoyle (D:10)
  An unseen horror (D:11)
  3 kobold demonologists
  A komodo dragon (D:11)
  3 red devils
  2 trolls
  Prince Ribbit (D:9)
  A jumping spider (shapeshifter) (D:11)
  2 wyverns
  A wraith (D:11)
  5 yaks
  A basilisk (D:11)
  A steam dragon (D:7)
  2 vampire mosquitoes (D:10)
  An acid dragon (D:12)
  2 water moccasins
  4 orc warriors
  2 black bears (D:10)
  4 centaurs
  An ogre (D:5)
  2 phantoms (D:4)
  5 kobold brigands
  2 elf zombies (D:5)
  A bullfrog (D:8)
  An elf skeleton (D:5)
  2 necrophages
  A scorpion (D:5)
  7 wights
  2 howler monkeys
  An iron imp (D:7)
  12 orc priests
  4 hounds
  2 jellies
  2 human skeletons (D:5)
  16 orc wizards
  3 iguanas
  8 adders
  4 gnolls (D:2)
  A shadow imp (D:5)
  2 ufetubi (D:6)
  5 worms
  4 dart slugs
  50 orcs
  3 bats
  4 endoplasms
  A giant cockroach (D:4)
  5 goblins
  5 hobgoblins
  4 jackals (D:2)
  9 quokkas
  5 ball pythons
  3 frilled lizards
  18 kobolds
  An orc skeleton (D:5)
  6 rats
249 creatures vanquished.

Table legend:
 A = Non-vault XP
 B = Vault XP
 C = Vault XP percentage of total XP
 D = Non-vault monster count
 E = Vault monster count
 F = Vault count percentage of total count
                 A         B        C        D         E       F
            +---------+---------+-------+---------+---------+-------
      Total |   13441 |    6090 |  31.2 |     223 |      26 |  10.4
            +---------+---------+-------+---------+---------+-------
        D:1 |      35 |       0 |   0.0 |      21 |       0 |   0.0
        D:2 |     117 |       0 |   0.0 |      18 |       0 |   0.0
        D:3 |      39 |       6 |  13.3 |      14 |       2 |  12.5
        D:4 |     562 |       0 |   0.0 |      29 |       0 |   0.0
        D:5 |     638 |     345 |  35.1 |      22 |       6 |  21.4
        D:6 |     439 |       0 |   0.0 |      23 |       0 |   0.0
        D:7 |     714 |      43 |   5.7 |      13 |       1 |   7.1
        D:8 |    1534 |       0 |   0.0 |      27 |       0 |   0.0
        D:9 |    1375 |     400 |  22.5 |      12 |       4 |  25.0
       D:10 |    3264 |    1277 |  28.1 |      24 |       4 |  14.3
       D:11 |    4521 |    3400 |  42.9 |      17 |       7 |  29.2
       D:12 |     203 |     619 |  75.3 |       3 |       2 |  40.0
            +---------+---------+-------+---------+---------+-------

Illustrated notes

Table legend:
 A = Kills in this place as a percentage of kills in entire the game.
 B = Kills by you in this place as a percentage of kills by you in the entire game.
 C = Kills by friends in this place as a percentage of kills by friends in the entire game.
 D = Other kills in this place as a percentage of other kills in the entire game.
 E = Experience gained in this place as a percentage of experience gained in the entire game.
 F = Experience gained in this place divided by the number of levels of this place that you have seen.
                   A       B       C       D       E      F
               +-------+-------+-------+-------+-------+----------------------
         Total | 100.0 | 100.0 |   N/A |   N/A | 100.0 | 1502.4
       Dungeon | 100.0 | 100.0 |   N/A |   N/A | 100.0 | 1627.6
               +-------+-------+-------+-------+-------+----------------------

Table legend: (Time is in decaauts)
 A = Elapsed time spent in this place.
 B = Non-inter-level travel time spent in this place.
 C = Inter-level travel time spent in this place.
 D = Time resting spent in this place.
 E = Time spent auto-exploring this place.
 F = Levels seen in this place.
 G = Mean time per level.
                   A        B        C        D        E       F      G
               +--------+--------+--------+--------+--------+-----+--------+
         Total |  13106 |  12616 |    490 |   2959 |   5503 |  13 | 1008.2 |
       Dungeon |  12898 |  12435 |    463 |   2959 |   5353 |  12 | 1074.8 |
        Temple |    207 |    180 |     27 |      0 |    150 |   1 |  207.0 |
               +--------+--------+--------+--------+--------+-----+--------+

Top non-repeatable levels by time:
     D:5: 1688 daAuts
    D:11: 1551 daAuts
     D:8: 1455 daAuts
    D:10: 1443 daAuts
     D:4: 1141 daAuts
     D:1: 1122 daAuts
     D:7: 1007 daAuts
     D:9: 929 daAuts
     D:3: 918 daAuts
     D:2: 893 daAuts
     D:6: 679 daAuts
  Temple: 207 daAuts
    D:12: 67 daAuts
